 Dungeon Crawl Stone Soup version 0.28.0 (webtiles) character file.

Game seed: 12348235155792285962

27 pkoi the Gusty (level 2, 0/20 HPs)
             Began as a Draconian Air Elementalist on Feb 16, 2022.
             Slain by a gnoll (3 damage)
             ... on level 1 of the Dungeon.
             The game lasted 00:01:13 (782 turns).

pkoi the Gusty (Draconian Air Elementalist)          Turns: 782, Time: 00:01:13

Health: 0/20       AC:  4    Str: 10    XL:     2   Next: 93%
Magic:  5/5        EV: 12    Int: 15    God:
Gold:   27         SH:  0    Dex: 11    Spells: 4/5 levels left

rFire   . . .      SeeInvis .   b - +0 club
rCold   . . .      Faith    .   (no shield)
rNeg    . . .      Spirit   .   (armour unavailable)
rPois   .          Reflect  .   (helmet restricted)
rElec   .          Harm     .   (no cloak)
rCorr   .          Rampage  .   (no gloves)
Will    .....                   (no boots)
Stlth   ++........              (no amulet)
HPRegen 0.06/turn               (no ring)
MPRegen 0.09/turn               (no ring)

@: no status effects
A: AC +4, unfitting armour, cold-blooded
a: no special abilities


You were on level 1 of the Dungeon.
You visited 1 branch of the dungeon, and saw 1 of its levels.

You collected 27 gold pieces.

Inventory:

Hand Weapons
 b - a +0 club (weapon)
 c - a +0 dagger
Jewellery
 d - a ring of fire
Scrolls
 e - a scroll of torment {unknown}
 g - a scroll of blinking {unknown}
 h - a scroll of immolation {unknown}
Potions
 a - a potion of heal wounds {unknown}
 f - a potion of curing {unknown}


   Skills:
 - Level 1.7 Dodging
 - Level 1.7 Stealth
 - Level 2.0 Spellcasting
 - Level 1.0 Conjurations
 + Level 4.2 Air Magic


You had 4 spell levels left.
You knew the following spells:

 Your Spells              Type           Power      Damage    Failure   Level
a - Shock                 Conj/Air       36%        1d5       8%          1

Your spell library contained the following spells:

 Spells                   Type           Power      Damage    Failure   Level
 Static Discharge         Conj/Air       9%         N/A       12%         2
 Swiftness                Air            14%        N/A       12%         3
 Airstrike                Air            7%         N/A       36%         4


Dungeon Overview and Level Annotations

Branches:
Dungeon (1/15)

Altars:


Innate Abilities, Weirdness & Mutations

Your plain brown scales are hard. (AC +4)
You cannot fit into any form of body armour.
You are cold-blooded and may be slowed by cold attacks.


Message History

You kill the giant cockroach!
You hit the kobold.
Your tail-slap misses the kobold.
The kobold is severely wounded.
The kobold barely misses you.
The kobold hits you with a +0 short sword.
You closely miss the kobold.
The kobold is severely wounded.
The kobold hits you but does no damage.
You hit the kobold.
You kill the kobold!
Things that are here:
a +0 short sword; a giant cockroach corpse You start resting.
HP restored.
You start resting.
A gnoll comes into view. It is wielding a +0 club.
You see here a scroll labelled FASTEL IMOUS.
h - a scroll labelled FASTEL IMOUS The gnoll shouts!
You hit the gnoll.
The gnoll is moderately wounded.
The gnoll hits you with a +0 club.
You closely miss the gnoll. Your punch misses the gnoll.
The gnoll is moderately wounded.
The gnoll hits you with a +0 club.
* * * LOW HITPOINT WARNING * * *
The gnoll hits you with a +0 club.
* * * LOW HITPOINT WARNING * * *
You barely miss the gnoll.
The gnoll is moderately wounded.
The gnoll hits you with a +0 club.
* * * LOW HITPOINT WARNING * * *
You barely miss the gnoll.
The gnoll is moderately wounded.
The gnoll hits you with a +0 club.
* * * LOW HITPOINT WARNING * * *
You closely miss the gnoll.
The gnoll is moderately wounded.
The gnoll closely misses you. The gnoll hits you with a +0 club.
You die...

≈#.#P.P#####.##
P#.#PP## #....####
##+####
#..#..†..#####...
#P...#.##...^...♣
#KPP♣..###..#####♣
#P♣♣♣.......########.
#. ♣P.......).......#
# ...P#...g.#######.#
.######.#@.# #.#..#
#.#..# #..# #..# ...#
##.# .#


You could see a gnoll.

Vanquished Creatures
  2 endoplasms (D:1)
  A giant cockroach (D:1)
  2 goblins (D:1)
  4 hobgoblins (D:1)
  2 jackals (D:1)
  2 kobolds (D:1)
  4 ball pythons (D:1)
  2 bats (D:1)
  2 frilled lizards (D:1)
  3 rats (D:1)
24 creatures vanquished.

Vanquished Creatures (others)
  A plant (D:1)
1 creature vanquished.

Grand Total: 25 creatures vanquished

Notes
Turn   | Place    | Note
-------+----------+-------------------------------------------
     0 | D:1      | pkoi the Draconian Air Elementalist began the quest for the
                  | Orb.
     0 | D:1      | Reached XP level 1. HP: 14/14 MP: 3/3
   263 | D:1      | Reached XP level 2. HP: 15/20 MP: 1/5
   466 | D:1      | Found a faded altar of an unknown god.
   556 | D:1      | Reached skill level 4 in Air Magic
   782 | D:1      | Slain by a gnoll

Illustrated notes

Levels and vault maps discovered:
D:1:      psy_arrival_terrarium, layout_loops_ring,
          dreamdust_ecumenical_altar_statues, serial_forest,
          infiniplex_forest_corner_1, infiniplex_forest_clump_C,
          infiniplex_forest_straight_2, infiniplex_forest_clump_curved,
          infiniplex_forest_clump_small, infiniplex_forest_fountain,
          infiniplex_forest_clump_double, infiniplex_forest_straight_5,
          minmay_pentomino_u4

Skill      XL: |  1  2 |
---------------+-------+-----
Air Magic      | 4 |  4.2
Dodging        | |  1.7
Stealth        | |  1.7
Spellcasting   | |  2.0
Conjurations   | |  1.0

Action                   || total
-------------------------++-------
Melee: Unarmed           ||    12
       Tailslap          ||     4
       Punch             ||     1
       Club              ||    31
 Cast: Shock             ||    37
Armor: Skin              ||    14
Dodge: Dodged            ||    36
